 Dungeon Crawl Stone Soup version 0.28-a0-511-gcc94558de3 (webtiles) character file.

Game seed: 1484021092322434967

1354 Rennog the Fighter (level 8, -3/69 HPs)
             Began as a Demonspawn Gladiator on Sept 21, 2021.
             Was a Follower of Okawaru.
             Succumbed to an orc wizard's poison
             ... on level 6 of the Dungeon.
             The game lasted 00:10:05 (6170 turns).

Rennog the Fighter (Demonspawn Gladiator)           Turns: 6170, Time: 00:10:05

Health: -3/69      AC: 12    Str: 19 (22) XL:     8   Next: 37%
Magic:  8/8        EV:  4    Int:  7 (10) God:    Okawaru [*.....]
Gold:   287        SH:  7    Dex: 16 (17) Spells: 7/7 levels left

rFire   . . .      SeeInvis .   z - +0 rapier
rCold   . . .      Faith    .   s - +0 kite shield
rNeg    . . .      Spirit   .   r - +2 plate armour {Will+}
rPois   .          Reflect  .   (helmet restricted)
rElec   .          Harm     .   (no cloak)
rCorr   .          Rampage  .   (no gloves)
Will    +....                   (no boots)
Stlth   ..........              (no amulet)
HPRegen 0.21/turn               c - +6 ring of strength
MPRegen 0.11/turn               (no ring)

@: lethally poisoned (-3 -> -32), flying, very slightly contaminated, invisible
A: horns 2, thin skeletal structure 1, spiny 2
a: Renounce Religion, Heroism


You were on level 6 of the Dungeon.
You worshipped Okawaru.
Okawaru was aware of your devotion.
You visited 2 branches of the dungeon, and saw 7 of its levels.

You collected 287 gold pieces.

Inventory:

Hand Weapons
 y - a +1 short sword of draining
 z - a +0 rapier (weapon)
Missiles
 d - 3 throwing nets (quivered)
Armour
 r - a +2 plate armour of willpower (worn)
 s - a +0 kite shield (worn)
 B - a +0 scale mail
Jewellery
 c - a +6 ring of strength (left hand)
 o - a ring of ice
 x - a ring of flight
Scrolls
 f - 4 scrolls of identify {unknown}
 i - 2 scrolls of fog {unknown}
 j - a scroll of noise
 k - a scroll of teleportation
 l - a scroll of enchant weapon {unknown}
 n - a scroll of holy word {unknown}
 w - a scroll of enchant armour {unknown}
 A - a scroll of blinking {unknown}
Potions
 a - a potion of attraction {unknown}
 b - a potion of berserk rage {unknown}
 e - a potion of curing {unknown}
 g - 2 potions of degeneration
 h - a potion of might {unknown}
 p - a potion of heal wounds {unknown}
 t - a potion of lignification {unknown}
 u - a potion of brilliance {unknown}
 v - a potion of resistance {unknown}


   Skills:
 * Level 8.7 Fighting
 - Level 2.6 Short Blades
 - Level 1.7 Throwing
 + Level 6.0 Dodging


You had 7 spell levels left.
You didn't know any spells.
Your spell library contained the following spells:

 Spells                   Type           Power      Damage    Failure   Level
 Shock                    Conj/Air       0%         1d3       100%        1
 Swiftness                Air            0%         N/A       100%        3
 Airstrike                Air            0%         N/A       100%        4


Dungeon Overview and Level Annotations

Branches:
Dungeon (6/15)             Temple (1/1) D:4

Altars:
Ashenzari
Cheibriados
Dithmenos
Elyvilon
Gozag
Hepliaklqana
Makhleb
Nemelex Xobeh
Okawaru
Sif Muna
Uskayaw
Yredelemnul
Zin

Shops:
D:2 ([:

Annotations:
D:5 Ijyb
D:6 1 transporter


Innate Abilities, Weirdness & Mutations

You have a pair of horns on your head.
You have a somewhat thin skeletal structure. (Dex +2, Stealth+)
You are mostly covered in sharp spines.


Message History

A magic dart appears from out of thin air!
The magic dart hits you but does no damage.
Something hits you but does no damage.
You are more poisoned.
Your shield and plate armour prevent you from hitting something.
You feel very sick. Something hits you but does no damage.
You are more poisoned.
You hit something but do no damage.
* * * LOW HITPOINT WARNING * * *
You feel extremely sick.
You hear some strange, mumbled words.
A puff of flame appears from out of thin air!
The puff of flame hits you but does no damage.
You barely miss something.
You feel very sick. You block something's attack.
Something hits you but does no damage.
You hit something.
You feel very sick. Something hits you but does no damage.
You are lethally poisoned!
It was a potion of degeneration.
There was something very wrong with that liquid.
You feel weakened.
You feel dopey.
You feel clumsy.
You hear the rusting of a drain nearby.
* * * LOW HITPOINT WARNING * * *
You feel very sick. Something hits you but does no damage.
You are more poisoned.
It was a potion of invisibility.
You fade into invisibility!
* * * LOW HITPOINT WARNING * * *
You feel very sick. Something hits you but does no damage.
You are more poisoned.
You are very lightly contaminated with residual magic.
It was a potion of flight.
You feel very buoyant.
You fly up into the air.
You die...

......................$.
..........##...###....
...######.##.....#....
...# .###..#.#.### .#.#
.# #......# ...#
#......#.### ...
########.# # #.#
####.##o.. #@# #..o>o..#
#{###.##.##..o #.....# #
#######


There were no monsters in sight!

Vanquished Creatures
  A water moccasin (D:6)
  2 black bears (D:4)
  A sky beast (D:6)
  An ogre (D:5)
  2 phantoms (D:5)
  A scorpion (D:3)
  A bullfrog (D:5)
  A wyvern zombie (D:4)
  A centaur skeleton (D:5)
  A gnoll shaman (D:6)
  4 hounds
  2 orc priests (D:5)
  2 iguanas
  An orc wizard (D:3)
  2 hound skeletons (D:4)
  9 gnolls
  4 adders
  An ufetubus (D:5)
  2 adder skeletons (D:4)
  A worm (D:2)
  4 dart slugs
  7 orcs
  4 bats
  4 endoplasms
  A giant cockroach (D:1)
  4 goblins
  8 hobgoblins
  4 quokkas
  7 ball pythons (D:1)
  3 frilled lizards (D:1)
  10 kobolds
  5 rats
101 creatures vanquished.

Vanquished Creatures (others)
  A plant (D:6)
1 creature vanquished.

Grand Total: 102 creatures vanquished

Notes
Turn   | Place    | Note
-------+----------+-------------------------------------------
     0 | D:1      | Rennog the Demonspawn Gladiator began the quest for the
                  | Orb.
     0 | D:1      | Reached XP level 1. HP: 16/16 MP: 1/1
   209 | D:1      | Gained mutation: You are partially covered in sharp spines.
                  | [demonic ancestry]
   209 | D:1      | Reached XP level 2. HP: 10/23 MP: 2/2
   929 | D:1      | Reached skill level 3 in Fighting
  1292 | D:2      | Gained mutation: You have a pair of small horns on your
                  | head. [demonic ancestry]
  1292 | D:2      | Reached XP level 3. HP: 29/29 MP: 3/3
  1381 | D:2      | Found a faded altar of an unknown god.
  1440 | D:2      | Found Yzxuruf's Book Shoppe.
  1587 | D:2      | Found Wicathi's Weapon Shoppe.
  1609 | D:2      | Found Zuakheh's Antique Armour Shoppe.
  2120 | D:3      | Noticed a scorpion
  2190 | D:3      | Reached XP level 4. HP: 23/37 MP: 4/4
  2436 | D:3      | Reached skill level 4 in Fighting
  2882 | D:3      | Killed a scorpion
  2883 | D:3      | Gained mutation: You are mostly covered in sharp spines.
                  | [demonic ancestry]
  2883 | D:3      | Reached XP level 5. HP: 40/43 MP: 5/5
  2948 | D:3      | Found a burning altar of Makhleb.
  3096 | D:4      | Reached skill level 5 in Fighting
  3191 | D:4      | Found an opulent altar of Gozag.
  3213 | D:4      | Reached XP level 6. HP: 51/51 MP: 6/6
  3612 | D:4      | Noticed an orc warrior
  3829 | D:4      | Found a staircase to the Ecumenical Temple.
  3843 | Temple   | Entered the Ecumenical Temple
  3915 | Temple   | Became a worshipper of Warmaster Okawaru
  4063 | D:4      | Reached skill level 6 in Fighting
  4230 | D:4      | Gained mutation: You have a somewhat thin skeletal
                  | structure. (Dex +2, Stealth+) [demonic ancestry]
  4230 | D:4      | Reached XP level 7. HP: 51/59 MP: 7/7
  4289 | D:4      | Found a hazy altar of Hepliaklqana.
  4290 | D:4      | Found a shadowy altar of Dithmenos.
  4291 | D:4      | Noticed a shadow
  4701 | D:5      | Entered Level 5 of the Dungeon
  4718 | D:5      | Reached * piety under Okawaru
  4812 | D:5      | Reached skill level 7 in Fighting
  4812 | D:5      | Reached skill level 5 in Dodging
  5121 | D:5      | Noticed Ijyb
  6006 | D:6      | Gained mutation: You have a pair of horns on your head.
                  | [demonic ancestry]
  6006 | D:6      | Reached XP level 8. HP: 61/68 MP: 8/8
  6023 | D:6      | Reached skill level 8 in Fighting
  6116 | D:6      | Found a transporter.
  6117 | D:6      | Identified the +1 kite shield "Wuruff" {Harm rC+++ Will++
                  | Dex-4}
  6170 | D:6      | Succumbed to an orc wizard's poison

Illustrated notes

Levels and vault maps discovered:
D:1:      minmay_arrival_stair_chambers, layout_basic, nrook_loot_triangle,
          minmay_bisected
D:2:      layout_rooms, hellmonk_ecumenical_altar_pennies_from_heaven,
          serial_shops, nicolae_lakefront_shop, shop, shop,
          hangedman_glass_teeth
D:3:      layout_rooms, bloody_makhleb, palyth_stone_intersect
D:4:      layout_loops_cross, riverfiend_overflow_shadow_ancestor,
          nicolae_gozag_cash_rules_everything_around_me,
          minmay_temple_entry_nine_rooms
D:5:      layout_cave_pools, uniq_menkaure, uniq_ijyb
D:6:      layout_loops_cross, trog_wizard, gup_sewer_entry_glass,
          gammafunk_ghost_gnarly_gnolls
Temple:   jpeg_temple_island

Skill      XL: |  1  2  3  4  5  6  7  8 |
---------------+-------------------------+-----
Dodging        | 3 4 5 6 |  6.0
Fighting       | 3 4 5 6 7 8 |  8.7
Short Blades   | |  2.6
Throwing       | |  1.7

Action                   |  1- 3 |  4- 6 |  7- 9 || total
-------------------------+-------+-------+-------++-------
Melee: Rapier            |    75 |    64 |   100 ||   239
       Headbutt          |     2 |    10 |    27 ||    39
       Short sword       |       |    19 |     6 ||    25
Invok: Heroism           |       |       |     2 ||     2
  Use: Scroll            |       |     2 |     1 ||     3
       Potion            |       |       |     3 ||     3
 Stab: Sleeping          |     4 |       |       ||     4
Armor: Leather armour    |    20 |       |       ||    20
       Ring mail         |     1 |    33 |    11 ||    45
       Scale mail        |       |       |    10 ||    10
       Plate armour      |       |       |    32 ||    32
Dodge: Dodged            |    34 |    47 |    27 ||   108
Block: Kite shield       |       |    28 |    46 ||    74

Table legend: (Time is in decaauts)
 A = Elapsed time spent in this place.
 B = Non-inter-level travel time spent in this place.
 C = Inter-level travel time spent in this place.
 D = Time resting spent in this place.
 E = Time spent auto-exploring this place.
 F = Levels seen in this place.
 G = Mean time per level.
                   A        B        C        D        E       F      G
               +--------+--------+--------+--------+--------+-----+--------+
         Total |   6235 |   5892 |    343 |    793 |   4132 |   7 |  890.7 |
       Dungeon |   6134 |   5823 |    311 |    793 |   4068 |   6 | 1022.3 |
        Temple |    100 |     68 |     32 |      0 |     63 |   1 |  100.0 |
               +--------+--------+--------+--------+--------+-----+--------+

Top non-repeatable levels by time:
     D:4: 1804 daAuts
     D:1: 1286 daAuts
     D:5: 1117 daAuts
     D:2: 997 daAuts
     D:3: 725 daAuts
     D:6: 204 daAuts
  Temple: 100 daAuts
